 Dungeon Crawl Stone Soup version 0.27.0-1-g7a08968 (webtiles) character file.

Game seed: 18305805682829972172

1641 Illumine the Chiller (level 8, -2/60 HPs)
             Began as a Gnoll Ice Elementalist on Aug 26, 2021.
             Slain by a manticore (3 damage)
             ... on level 6 of the Dungeon on Aug 27, 2021.
             The game lasted 00:10:20 (6545 turns).

Illumine the Chiller (Gnoll Ice Elementalist)       Turns: 6545, Time: 00:10:21

Health: -2/60      AC: 10    Str: 17      XL:     8   Next: 99%
Magic:  9/17       EV: 13    Int: 16 (17) God:
Gold:   230        SH:  4    Dex: 11 (13) Spells: 10/19 levels left

rFire    + . .     SeeInvis .   v - +8 hand axe "Cuzea" {drain, +Blink rPois Str+4}
rCold    . . .     Faith    .   E - +0 buckler
rNeg     . . .     Spirit   .   a - +0 robe
rPois    +         Reflect  .   (no helmet)
rElec    .         Harm     .   b - +0 cloak
rCorr    .         Rampage  .   (no gloves)
Will     .....                  (no boots)
Stlth    +++.......             (no amulet)
HPRegen  0.20/turn              C - +6 ring of strength
MPRegen  0.15/turn              y - ring of protection from fire

@: ice-armoured, freezing walls
A: fangs 1, strong nose, distributed training
a: Evoke Blink


You were on level 6 of the Dungeon.
You visited 1 branch of the dungeon, and saw 6 of its levels.

You collected 230 gold pieces.

Inventory:

Hand Weapons
 n - a +0 dagger
 o - a +0 morningstar
 v - the +8 hand axe "Cuzea" (weapon) {drain, +Blink rPois Str+4}
   (You found it on level 4 of the Dungeon)

   A truly terrible weapon, it drains the life of any living foe it strikes.
   Str:       It affects your strength (+4).
   rPois:     It protects you from poison.
   +Blink:    It lets you blink.
Missiles
 m - 54 bolts
Armour
 a - a +0 robe (worn)
 b - a +0 cloak (worn)
 E - a +0 buckler (worn)
Jewellery
 q - an amulet of guardian spirit
 u - a ring of positive energy
 y - a ring of protection from fire (right hand)
 C - a +6 ring of strength (left hand)
Wands
 l - a wand of acid (9)
Scrolls
 e - a scroll of identify {unknown}
 f - 2 scrolls of teleportation {unknown}
 h - 3 scrolls of immolation {unknown}
 i - 3 scrolls of magic mapping {unknown}
 j - 4 scrolls of noise {unknown}
 k - 2 scrolls of vulnerability {unknown}
 s - a scroll of acquirement {unknown}
 t - a scroll of fear {unknown}
 x - a scroll of holy word {unknown}
 D - a scroll of amnesia {unknown}
Potions
 c - 2 potions of degeneration
 d - a potion of curing
 g - a potion of lignification {unknown}
 p - a potion of attraction {unknown}
 r - a potion of cancellation {unknown}
 w - a potion of flight {unknown}
 z - a potion of resistance {unknown}
 A - a potion of mutation {unknown}
 B - a potion of brilliance {unknown}


   Skills:
 + Level 3.7 Fighting
 + Level 3.7 Short Blades
 + Level 3.7 Long Blades
 + Level 3.7 Axes
 + Level 3.7 Maces & Flails
 + Level 3.7 Polearms
 + Level 3.7 Staves
 + Level 3.7 Slings
 + Level 3.7 Bows
 + Level 3.7 Crossbows
 + Level 3.7 Throwing
 + Level 3.7 Armour
 + Level 6.0 Dodging
 + Level 5.7 Stealth
 + Level 3.7 Shields
 + Level 3.7 Unarmed Combat
 + Level 6.3 Spellcasting
 + Level 3.1 Conjurations
 + Level 3.1 Hexes
 + Level 3.1 Summonings
 + Level 3.1 Necromancy
 + Level 3.1 Translocations
 + Level 3.1 Transmutations
 + Level 3.1 Fire Magic
 + Level 7.8 Ice Magic
 + Level 3.1 Air Magic
 + Level 3.1 Earth Magic
 + Level 3.1 Poison Magic
 + Level 4.1 Invocations
 + Level 3.7 Evocations


You had 10 spell levels left.
You knew the following spells:

 Your Spells              Type           Power      Damage    Failure   Level
a - Freeze                Ice            100%       1d11      1%          1
b - Frozen Ramparts       Ice            60%        1d8       1%          3
c - Ozocubu's Armour      Ice            30%        N/A       1%          3
d - Ensorcelled Hibernat  Hex/Ice        44%        N/A       2%          2

Your spell library contained the following spells:

 Spells                   Type           Power      Damage    Failure   Level
 Corona                   Hex            15%        N/A       3%          1
 Magic Dart               Conj           56%        1d5       3%          1
 Call Imp                 Summ           14%        N/A       5%          2
 Corpse Rot               Necr/Air       N/A        N/A       5%          2
 Call Canine Familiar     Summ           14%        N/A       11%         3
 Mephitic Cloud           Conj/Pois/Air  14%        N/A       11%         3
 Portal Projectile        Hex/Tloc       28%        N/A       11%         3
 Tukima's Dance           Hex            14%        N/A       11%         3
 Hailstorm                Conj/Ice       22%        3d7       14%         4
 Dispel Undead            Necr           14%        3d10      36%         4
 Leda's Liquefaction      Hex/Erth       7%         N/A       36%         4
 Death Channel            Necr           7%         N/A       99%         6


Dungeon Overview and Level Annotations

Branches:
Dungeon (6/15)
 Temple: D:4-7

Altars:
Elyvilon
Qazlal
Uskayaw

Shops:
D:1 ?   D:2 *


Innate Abilities, Weirdness & Mutations

You have very sharp teeth.
Your uncanny sense of smell can sniff out nearby items.
Your experience applies equally to all skills.


Message History

The manticore claws you but does no damage.
You hit the manticore. You drain the manticore.
The manticore is lightly wounded.
The wall freezes the manticore.
The manticore barely misses you.
The manticore claws you. x2; The wall freezes the manticore.
The manticore bites you!
The manticore claws you but does no damage.
You block the manticore's attack.
Casting: Ozocubu's Armour (safe; 1% risk of failure)
Confirm with . or Enter, or press ? or * to list all spells.
Aiming: Freeze (safe; 1% risk of failure)
Press: ? - help, Shift-Dir - straight line, f - manticore
Aim: a manticore (heavily wounded, lightly drained)
You freeze the manticore.
The manticore is heavily wounded.
The wall freezes the manticore.
The manticore bites you! The manticore closely misses you.
The manticore claws you!
* * * LOW HITPOINT WARNING * * *
Unknown command.
Casting: Freeze (safe; 1% risk of failure)
Confirm with . or Enter, or press ? or * to list all spells.
Aiming: Freeze (safe; 1% risk of failure)
Press: ? - help, Shift-Dir - straight line, f/p - manticore
Aim: a manticore (heavily wounded, lightly drained)
You freeze the manticore!
The manticore is severely wounded.
The wall freezes the manticore.
The manticore bites you but does no damage.
The manticore claws you!
* * * LOW HITPOINT WARNING * * *
The manticore closely misses you.
Casting: Freeze (safe; 1% risk of failure)
Confirm with . or Enter, or press ? or * to list all spells.
Aiming: Freeze (safe; 1% risk of failure)
Press: ? - help, Shift-Dir - straight line, f/p - manticore
Aim: a manticore (severely wounded, lightly drained)
You freeze the manticore!
The manticore is almost dead.
The wall freezes the manticore!
The manticore bites you.
You die...

#########.# #......# #.#
#......# #......#
#.###### #.######.
####........
#.###########...########
#......H......#........
#####..#@.#.#.#.#.#..##
#..##....###..# # #.H
###### #.. #.. ∆ ##. #..
.. #.. .# #.5


You could see a manticore (drained).

Vanquished Creatures
  A hornet (D:6)
  A shadow (D:5)
  Menkaure (D:6)
  2 ogres
  A centaur (D:5)
  2 kobold brigands (D:6)
  A gnoll sergeant (D:6)
  A water moccasin skeleton (D:6)
  5 wights (D:6)
  2 hounds
  3 orc priests (D:3)
  2 jellies (D:4)
  A bullfrog skeleton (D:5)
  An iguana (D:6)
  An orc wizard (D:3)
  4 gnolls (D:6)
  A howler monkey skeleton (D:6)
  3 adders
  4 white imps
  2 ufetubi
  3 worms (D:4)
  2 dart slugs (D:5)
  12 orcs
  2 endoplasms (D:2)
  6 giant cockroaches
  6 goblins
  4 hobgoblins
  4 jackals (D:2)
  3 quokkas
  4 ball pythons
  4 bats
  3 frilled lizards
  14 kobolds
  3 rats
109 creatures vanquished.

Notes
Turn   | Place    | Note
-------+----------+-------------------------------------------
     0 | D:1      | Illumine the Gnoll Ice Elementalist began the quest for the
                  | Orb.
     0 | D:1      | Reached XP level 1. HP: 13/13 MP: 6/6
   104 | D:1      | Found Waiteos's Magic Scroll Shoppe.
   202 | D:1      | Found a faded altar of an unknown god.
   218 | D:1      | Reached XP level 2. HP: 19/19 MP: 5/7
   391 | D:1      | You fall into a shaft and drop 1 floor!
   615 | D:2      | Found Ciblekog's General Store.
   859 | D:2      | Reached XP level 3. HP: 20/25 MP: 2/9
   916 | D:2      | Learned a level 3 spell: Frozen Ramparts
   920 | D:2      | Learned a level 3 spell: Ozocubu's Armour
  1007 | D:2      | Reached skill level 5 in Spellcasting
  1133 | D:2      | Learned a level 2 spell: Ensorcelled Hibernation
  1612 | D:3      | Reached skill level 1 in Invocations
  1778 | D:3      | Reached skill level 1 in Fighting
  1778 | D:3      | Reached skill level 1 in Short Blades
  1778 | D:3      | Reached skill level 1 in Long Blades
  1778 | D:3      | Reached skill level 1 in Axes
  1778 | D:3      | Reached skill level 1 in Maces & Flails
  1778 | D:3      | Reached skill level 1 in Polearms
  1778 | D:3      | Reached skill level 1 in Staves
  1778 | D:3      | Reached skill level 1 in Slings
  1778 | D:3      | Reached skill level 1 in Bows
  1778 | D:3      | Reached skill level 1 in Crossbows
  1778 | D:3      | Reached skill level 1 in Throwing
  1778 | D:3      | Reached skill level 1 in Armour
  1778 | D:3      | Reached skill level 1 in Shields
  1778 | D:3      | Reached skill level 1 in Unarmed Combat
  1778 | D:3      | Reached skill level 1 in Evocations
  1834 | D:3      | Noticed an ogre
  1845 | D:3      | Killed an ogre
  1846 | D:3      | Reached skill level 1 in Conjurations
  1846 | D:3      | Reached skill level 1 in Hexes
  1846 | D:3      | Reached skill level 1 in Summonings
  1846 | D:3      | Reached skill level 1 in Necromancy
  1846 | D:3      | Reached skill level 1 in Translocations
  1846 | D:3      | Reached skill level 1 in Transmutations
  1846 | D:3      | Reached skill level 1 in Fire Magic
  1846 | D:3      | Reached skill level 1 in Air Magic
  1846 | D:3      | Reached skill level 1 in Earth Magic
  1846 | D:3      | Reached skill level 1 in Poison Magic
  1846 | D:3      | Reached XP level 4. HP: 6/32 MP: 0/11
  1846 | D:3      | Reached XP level 5. HP: 7/37 MP: 0/12
  2554 | D:3      | Reached XP level 6. HP: 44/44 MP: 13/13
  2835 | D:4      | Found a white marble altar of Elyvilon.
  2961 | D:4      | Found a stormy altar of Qazlal.
  2967 | D:4      | Reached skill level 5 in Dodging
  3046 | D:4      | Found a hide-covered altar of Uskayaw.
  3917 | D:4      | Identified the +8 hand axe "Cuzea" {drain, +Blink rPois
                  | Str+4}
  4124 | D:5      | Entered Level 5 of the Dungeon
  4132 | D:5      | Noticed a shadow
  4221 | D:5      | Reached XP level 7. HP: 16/50 MP: 6/15
  4686 | D:5      | Killed a shadow
  4687 | D:5      | Reached skill level 5 in Stealth
  5490 | D:6      | Reached XP level 8. HP: 32/57 MP: 11/16
  5854 | D:6      | Noticed Menkaure
  5863 | D:6      | HP: 1/58 [Menkaure/nerve-wracking pain (9)]
  5867 | D:6      | Killed Menkaure
  5881 | D:6      | Noticed a hornet
  6324 | D:6      | Killed a hornet
  6537 | D:6      | Noticed a manticore
  6544 | D:6      | HP: 1/60 [manticore (8)]
  6545 | D:6      | Slain by a manticore

Illustrated notes

Levels and vault maps discovered:
D:1:      beargit_arrival_diablo_church, layout_basic, serial_shops, shop,
          hellmonk_ecumenical_altar_crossroads
D:2:      layout_basic, serial_shops, shop, serial_rivers,
          chequers_serial_rivers_micro_d, chequers_serial_rivers_marsh,
          chequers_serial_rivers_marsh, chequers_serial_rivers_marsh,
          chequers_serial_rivers_micro_b, chequers_serial_rivers_small_b
D:3:      layout_basic, kennysheep_boxes
D:4:      minmay_opposing_rooms, layout_loops_ring,
          nicolae_elyvilon_temple_path, jmf_multi_god_temple,
          nicolae_underground_beach
D:5:      layout_loops_ring
D:6:      layout_basic, mainiacjoe_overflow_cross_hatched,
          minmay_temple_entry_hall, minmay_manual_monstrance, uniq_pikel,
          uniq_menkaure

Skill      XL: |  1  2  3  4  5  6  7  8 |
---------------+-------------------------+-----
Spellcasting   | 5 6 |  6.3
Invocations    | 1 2 3 4 |  4.1
Fighting       | 1 2 3 |  3.7
Short Blades   | 1 2 3 |  3.7
Long Blades    | 1 2 3 |  3.7
Axes           | 1 2 3 |  3.7
Maces & Flails | 1 2 3 |  3.7
Polearms       | 1 2 3 |  3.7
Staves         | 1 2 3 |  3.7
Slings         | 1 2 3 |  3.7
Bows           | 1 2 3 |  3.7
Crossbows      | 1 2 3 |  3.7
Throwing       | 1 2 3 |  3.7
Armour         | 1 2 3 |  3.7
Shields        | 1 2 3 |  3.7
Unarmed Combat | 1 2 3 |  3.7
Evocations     | 1 2 3 |  3.7
Conjurations   | 1 2 3 |  3.1
Hexes          | 1 2 3 |  3.1
Summonings     | 1 2 3 |  3.1
Necromancy     | 1 2 3 |  3.1
Translocations | 1 2 3 |  3.1
Transmutations | 1 2 3 |  3.1
Fire Magic     | 1 2 3 |  3.1
Air Magic      | 1 2 3 |  3.1
Earth Magic    | 1 2 3 |  3.1
Poison Magic   | 1 2 3 |  3.1
Dodging        | 5 6 |  6.0
Stealth        | 5 |  5.7
Ice Magic      | |  7.8

Action                   |  1- 3 |  4- 6 |  7- 9 || total
-------------------------+-------+-------+-------++-------
Melee: Unarmed           |     4 |       |       ||     4
       Short sword       |    13 |    14 |       ||    27
       Morningstar       |       |     6 |       ||     6
       Dagger            |       |    25 |       ||    25
       Bite              |       |     3 |     8 ||    11
       Hand axe          |       |     1 |    77 ||    78
       Punch             |       |       |     1 ||     1
 Cast: Freeze            |    41 |    20 |     5 ||    66
       Frozen Ramparts   |     1 |    16 |    10 ||    27
       Ensorcelled Hiber |     1 |     3 |       ||     4
       Ozocubu's Armour  |     1 |     1 |     6 ||     8
Evoke: Wand              |       |     1 |       ||     1
  Use: Potion            |       |       |     3 ||     3
 Stab: Sleeping          |     5 |     6 |     2 ||    13
Armor: Robe              |     9 |     7 |    19 ||    35
Dodge: Dodged            |    25 |    41 |    55 ||   121
Block: Buckler           |       |       |     3 ||     3
